 Dungeon Crawl Stone Soup version 0.29.1-15-g9cfb28693d (webtiles) character file.

Game seed: 8880513468483101093

1388 GigaChad the Cleaver (level 8, 0/68 HPs)
             Began as a Minotaur Fighter on Mar 14, 2023.
             Was a Believer of Okawaru.
             Slain by a yak (13 damage)
             ... on level 5 of the Dungeon.
             The game lasted 00:06:51 (4345 turns).

GigaChad the Cleaver (Minotaur Fighter)             Turns: 4345, Time: 00:06:53

Health: 0/68       AC: 12    Str: 30    XL:     8   Next: 40%
Magic:  7/7        EV:  7    Int:  7    God:    Okawaru [**....]
Gold:   168        SH:  4    Dex:  9    Spells: 7/7 levels left

rFire   . . .      SeeInvis .   a - +0 war axe
rCold   . . .      Faith    .   c - +0 buckler
rNeg    . . .      Spirit   .   F - +0 plate armour
rPois   .          Reflect  .   (helmet restricted)
rElec   .          Harm     .   (no cloak)
rCorr   .          Rampage  .   (no gloves)
Will    .....                   (no boots)
Stlth   ..........              (no amulet)
HPRegen 0.21/turn               f - ring "Huseegebu" {Int+2 Slay+4}
MPRegen 0.10/turn               h - +6 ring of strength

@: no status effects
A: horns 2, retaliatory headbutt
a: Renounce Religion, Heroism


You were on level 5 of the Dungeon.
You worshipped Okawaru.
Okawaru was pleased with you.
You visited 1 branch of the dungeon, and saw 5 of its levels.

You collected 240 gold pieces.
You spent 72 gold pieces at shops.

Inventory:

Hand Weapons
 a - a +0 war axe (weapon)
 t - a +4 trident
Missiles
 k - 17 poisoned darts (quivered)
Armour
 b - a +0 scale mail
 c - a +0 buckler (worn)
 r - a scarf of shadows
 F - a +0 plate armour (worn)
Jewellery
 f - the ring "Huseegebu" (left hand) {Int+2 Slay+4}
   (You acquired it on level 4 of the Dungeon)

   [ring of slaying]

   Int:       It affects your intelligence (+2).
   Slay:      It affects your accuracy & damage with ranged weapons and melee
   (+4).
 h - a +6 ring of strength (right hand)
 m - a ring of ice
 x - a ring of protection from fire
 E - a +6 ring of dexterity
Wands
 j - a wand of flame (14)
 p - a wand of quicksilver (7)
 s - a wand of roots (11)
 u - a wand of mindburst (20)
Scrolls
 g - a scroll of magic mapping
 l - 2 scrolls of poison
 n - a scroll of noise
 v - 3 scrolls of teleportation
 y - a scroll of enchant weapon {unknown}
 A - a scroll of vulnerability {unknown}
 B - 2 scrolls of enchant armour {unknown}
Potions
 d - 3 potions of might
 e - a potion of attraction {unknown}
 i - 2 potions of heal wounds {unknown}
 o - 4 potions of curing
 w - 2 potions of cancellation {unknown}
 z - a potion of degeneration {unknown}
 C - 2 potions of haste {unknown}
 D - a potion of brilliance {unknown}


   Skills:
 + Level 5.2 Fighting
 * Level 10.3 Axes
 + Level 6.5 Armour
 + Level 4.7 Shields


You had 7 spell levels left.
You didn't know any spells.
Your spell library contained the following spells:

 Spells                   Type           Power      Damage    Failure   Level
 Sublimation of Blood     Necr           0%         N/A       100%        2
 Portal Projectile        Hex/Tloc       0%         N/A       100%        3
 Petrify                  Tmut/Erth      0%         N/A       100%        4
 Blade Hands              Tmut           0%         N/A       100%        5
 Irradiate                Conj/Tmut      0%         3d11      100%        5
 Tukima's Dance           Hex            Unusable   N/A       N/A         3

Dungeon Overview and Level Annotations

Branches:
Dungeon (5/15)
 Temple: D:4-7

Altars:
Gozag
Kikubaaqudgha
Okawaru
Zin

Shops:
D:4 *


Innate Abilities, Weirdness & Mutations

You have a pair of horns on your head.
You reflexively headbutt those who attack you in melee.


Message History

You kill the centaur!
Okawaru accepts your kill.
You slash the centaur!
The centaur is heavily wounded.
The centaur unwields a +0 shortbow.
The centaur hits you but does no damage.
The centaur kicks you but does no damage.
The centaur hits you but does no damage.
The centaur kicks you but does no damage.
You closely miss the centaur. You headbutt the centaur!
The centaur is almost dead.
The centaur hits you. The centaur kicks you.
You barely miss the centaur.
The centaur is almost dead.
The centaur closely misses you.
The centaur kicks you but does no damage.
You block the centaur's attack. x2
You slash the centaur!
You kill the centaur!
Okawaru accepts your kill.
Things that are here:
a +0 shortbow; a +0 shortbow; a centaur corpse You slash the yak!
You headbutt the yak!
The yak is severely wounded.
The yak gores you but does no damage.
You hit the yak.
The yak is almost dead.
The yak gores you.
* * * LOW HITPOINT WARNING * * *
The yak gores you.
* * * LOW HITPOINT WARNING * * *
You hit the yak.
The yak is almost dead.
The yak gores you but does no damage.
You barely miss the yak. You headbutt the yak.
You kill the yak!
Okawaru accepts your kill.
Your Axes skill increases to level 10!
You closely miss the yak. The yak gores you!
You die...

##### #...# Y# #...# ..#
## #...#..Y#
.#################...#....
...............†@YY.......
.#################.....$..
..## ##....#.... ...#
#.....# ### ...# #.....#
...#############..#.##
...##...............####
........................
...##...................


You could see 2 yaks.

Vanquished Creatures
  2 yaks (D:5)
  An orc warrior (D:5)
  An ice beast (D:4)
  A black bear (D:4)
  2 ogres (D:5)
  2 centaurs (D:5)
  A necrophage (D:5)
  A scorpion (D:4)
  An orc priest (D:5)
  3 hounds
  4 iguanas (D:5)
  An orc wizard (D:5)
  3 gnolls (D:4)
  3 adders
  2 worms
  2 dart slugs
  4 orcs (D:5)
  4 ball pythons
  7 endoplasms
  A giant cockroach (D:2)
  5 goblins
  9 hobgoblins
  6 jackals
  6 quokkas
  2 bats (D:2)
  4 frilled lizards
  7 kobolds
  8 rats
93 creatures vanquished.

Notes
Turn   | Place    | Note
-------+----------+-------------------------------------------
     0 | D:1      | GigaChad the Minotaur Fighter began the quest for the Orb.
     0 | D:1      | Reached XP level 1. HP: 19/19 MP: 0/0
   254 | D:1      | Reached XP level 2. HP: 25/27 MP: 1/1
   684 | D:1      | Reached skill level 3 in Axes
   746 | D:1      | Found a faded altar of an unknown god.
   830 | D:2      | Reached XP level 3. HP: 33/33 MP: 2/2
  1597 | D:3      | Reached skill level 4 in Axes
  1597 | D:3      | Reached XP level 4. HP: 40/40 MP: 3/3
  2160 | D:4      | Noticed a black bear
  2168 | D:4      | Killed a black bear
  2169 | D:4      | Reached skill level 5 in Axes
  2169 | D:4      | Reached XP level 5. HP: 28/46 MP: 4/4
  2474 | D:4      | Found Cowkibyirgh's Assorted Antiques.
  2477 | D:4      | Bought a scroll labelled JORANYPILI for 18 gold pieces
  2477 | D:4      | Bought a scroll labelled MOEVVA FYOWIAFRU for 18 gold
                  | pieces
  2477 | D:4      | Bought a scroll labelled UMUTETR MOAVE for 18 gold pieces
  2477 | D:4      | Bought a scroll labelled ECZIDU TIDOKK for 18 gold pieces
  2618 | D:4      | Acquired the ring "Huseegebu" {Int+2 Slay+4}
  2824 | D:4      | Found an iron altar of Okawaru.
  2832 | D:4      | Became a worshipper of Warmaster Okawaru
  2883 | D:4      | Reached skill level 6 in Axes
  2883 | D:4      | Reached XP level 6. HP: 37/53 MP: 5/5
  3074 | D:4      | Found a glowing silver altar of Zin.
  3089 | D:4      | Noticed an ice beast
  3099 | D:4      | Killed an ice beast
  3099 | D:4      | Reached * piety under Okawaru
  3100 | D:4      | Reached skill level 5 in Armour
  3464 | D:5      | Entered Level 5 of the Dungeon
  3477 | D:5      | Reached skill level 7 in Axes
  3509 | D:5      | Found an opulent altar of Gozag.
  3510 | D:5      | Found an ancient bone altar of Kikubaaqudgha.
  3540 | D:5      | Reached XP level 7. HP: 60/60 MP: 6/6
  3758 | D:5      | Reached skill level 8 in Axes
  3769 | D:5      | Reached ** piety under Okawaru
  4175 | D:5      | Reached skill level 9 in Axes
  4317 | D:5      | Noticed a yak
  4317 | D:5      | Noticed a yak
  4318 | D:5      | Noticed a yak
  4318 | D:5      | Noticed a yak
  4326 | D:5      | Noticed a yak
  4331 | D:5      | Killed a yak
  4332 | D:5      | Reached skill level 5 in Fighting
  4332 | D:5      | Reached XP level 8. HP: 28/68 MP: 7/7
  4345 | D:5      | Reached skill level 10 in Axes
  4345 | D:5      | Slain by a yak

Illustrated notes

Levels and vault maps discovered:
D:1:      erik_arrival_orb_chamber, layout_basic,
          shapermc_ecumenical_altar_petra, minmay_pentomino_q2
D:2:      layout_rooms
D:3:      layout_basic
D:4:      layout_loops_ring, kennysheep_okawaru_gauntlet, zin_scriptorium,
          serial_shops, nicolae_shop_behind_doors
D:5:      layout_rooms, nicolae_overflow_hidden_temple, grunt_ministairs_14,
          guppyfry_early_orc_mine

Skill      XL: |  1  2  3  4  5  6  7  8 |
---------------+-------------------------+-----
Shields        | 4 |  4.7
Armour         | 4 5 6 |  6.5
Axes           | 3 4 5 6 7 9 10 | 10.3
Fighting       | 4 5 |  5.2

Action                   |  1- 3 |  4- 6 |  7- 9 || total
-------------------------+-------+-------+-------++-------
Melee: War axe           |    92 |    60 |    59 ||   211
       Headbutt          |    13 |    15 |     8 ||    36
Throw: Dart              |       |     1 |       ||     1
  Use: Scroll            |       |     8 |     2 ||    10
Armor: Scale mail        |    36 |    31 |    12 ||    79
       Plate armour      |       |       |    16 ||    16
Dodge: Dodged            |    44 |    31 |    19 ||    94
Block: Buckler           |    17 |    23 |     9 ||    49
